[Event "94th Tradewise Hastings Congress"]
[Site "Hastings"]
[Date "2018.12.29"]
[Round "2"]
[White "Comellas Blanchart, Jordi"]
[Black "Moore, Graham J"]
[Result "1/2-1/2"]
[ECO "E04"]
[WhiteElo "2055"]
[BlackElo "2235"]
[Annotator "NA"]
[PlyCount "107"]
[EventDate "2018.12.28"]
[EventType "swiss"]
[EventCountry "ENG"]
[SourceTitle "playchess.com"]
[Source "ChessBase"]
[SourceQuality "1"]
[TimeControl "40/6000+30:3000+30"]

1. d4 Nf6 2. c4 e6 3. g3 d5 4. Nf3 dxc4 5. Bg2 a6 6. O-O Nc6 7. e3 Bd7 8. Qe2 Bd6 9. Qxc4 O-O 10. Nc3 b5 11. Qd3 Rb8 12. e4 b4 13. Ne2 e5 14. Rd1 Qc8 15. dxe5 Nxe5 16. Nxe5 Bxe5 17. Qc2 Qe8 18. Rb1 Bb5 19. Be3 Qe6 20. b3 Rfd8 21. Nd4 Bxd4 22. Bxd4 c6 23. Bc5 a5 24. Rxd8+ Rxd8 25. Rd1 Rxd1+ 26. Qxd1 h5 27. Qd4 Nd7 28. Bd6 f6 29. Bc7 c5 30. Qd5 Qxd5 31. exd5 a4 32. Bd6 axb3 33. axb3 Bd3 34. Bf1 Be4 35. Bb5 Ne5 36. Bxc5 Bxd5 37. Bxb4 Nf3+ 38. Kf1 Nxh2+ 39. Ke2 Bxb3 40. Bc6 Bc4+ 41. Kd2 g5 42. Bd6 Kg7 43. Be8 Bf7 44. Bb5 Bd5 45. Bd7 Nf3+ 46. Ke3 h4 47. Bg4 Nh2 48. Bh3 Nf3 49. Bg4 Ne5 50. Bxe5 fxe5 51. gxh4 gxh4 52. f4 exf4+ 53. Kxf4 h3 54. Bxh3 1/2-1/2

[Event "94th Tradewise Hastings Congress"]
[Site "Hastings"]
[Date "2018.12.29"]
[Round "2"]
[White "Rayner, Francis"]
[Black "Royal, Shreyas"]
[Result "1-0"]
[ECO "E67"]
[WhiteElo "2048"]
[BlackElo "1930"]
[Annotator "NA"]
[PlyCount "111"]
[EventDate "2018.12.28"]
[EventType "swiss"]
[EventCountry "ENG"]
[SourceTitle "playchess.com"]
[Source "ChessBase"]
[SourceQuality "1"]
[TimeControl "40/6000+30:3000+30"]

1. c4 Nf6 2. Nf3 g6 3. g3 Bg7 4. Bg2 O-O 5. O-O d6 6. d4 Nbd7 7. Qc2 e5 8. Rd1 Qe7 9. Nc3 c6 10. b3 e4 11. Ng5 d5 12. cxd5 cxd5 13. Nb5 Ne8 14. Nh3 a6 15. Ba3 Qd8 16. Nc3 Ndf6 17. Bxf8 Bxf8 18. Qd2 Bf5 19. f3 Bb4 20. a3 Ba5 21. b4 Bc7 22. fxe4 dxe4 23. Nf2 Nd6 24. e3 Qf8 25. Qe2 h5 26. Rac1 Rc8 27. Na4 Qh6 28. Re1 Kg7 29. Nc5 Bb8 30. a4 Rh8 31. a5 g5 32. Rf1 g4 33. h4 gxh3 34. Bxh3 Qg6 35. Kh1 Kh7 36. Bxf5 Nxf5 37. Nfxe4 Kg7 38. Qf3 Nxg3+ 39. Nxg3 Bxg3 40. Qxf6+ Qxf6 41. Rxf6 Kxf6 42. Ne4+ Kf5 43. Nxg3+ Kg4 44. Nf1 Kf3 45. Rc5 Ke4 46. Re5+ Kd3 47. Rf5 Rh7 48. d5 Kc4 49. d6 Kxb4 50. d7 Rh8 51. Rd5 Rd8 52. Ng3 Kc4 53. e4 f6 54. Nf5 Kb4 55. Kh2 Kc4 56. Nd6+ {[%emt 0:01:02] Kxd5 [%emt 00:00:06]} 1-0

[Event "94th Tradewise Hastings Congress"]
[Site "Hastings"]
[Date "2018.12.29"]
[Round "2"]
[White "Norinkeviciute, Rasa"]
[Black "Graham, David B"]
[Result "0-1"]
[ECO "A38"]
[WhiteElo "2028"]
[BlackElo "2208"]
[Annotator "NA"]
[PlyCount "42"]
[EventDate "2018.12.28"]
[EventType "swiss"]
[EventCountry "ENG"]
[SourceTitle "playchess.com"]
[Source "ChessBase"]
[SourceQuality "1"]
[TimeControl "40/6000+30:3000+30"]

1. c4 g6 2. g3 Bg7 3. Nc3 d6 4. Bg2 c5 5. Nf3 Nc6 6. d3 Nf6 7. a3 O-O 8. O-O h6 9. Rb1 a5 10. Ne1 Be6 11. Nd5 Bxd5 12. cxd5 Na7 13. b4 Nb5 14. Qd2 cxb4 15. axb4 a4 16. Bb2 a3 17. Ba1 Qb6 18. Nc2 Rfc8 19. Ne3 Qa7 20. Nc4 Rc7 21. Rb3 Rac8 0-1

[Event "94th Tradewise Hastings Congress"]
[Site "Hastings"]
[Date "2018.12.29"]
[Round "2"]
[White "Heinsohn, Michael"]
[Black "Royset, Pal"]
[Result "0-1"]
[ECO "E02"]
[WhiteElo "1961"]
[BlackElo "2182"]
[Annotator "NA"]
[PlyCount "96"]
[EventDate "2018.12.28"]
[EventType "swiss"]
[EventCountry "ENG"]
[SourceTitle "playchess.com"]
[Source "ChessBase"]
[SourceQuality "1"]
[TimeControl "40/6000+30:3000+30"]

1. d4 Nf6 2. c4 e6 3. g3 d5 4. Nf3 dxc4 5. Qa4+ Bd7 6. Qxc4 Bc6 7. Bg2 Be7 8. O-O O-O 9. Nc3 a6 10. Qb3 b5 11. a3 Nbd7 12. Rd1 Qc8 13. Ne5 Bxg2 14. Kxg2 c5 15. Nxd7 Qxd7 16. dxc5 Qc6+ 17. f3 Qxc5 18. e4 Rfd8 19. Bf4 g5 20. Bd2 g4 21. f4 Rd3 22. Be1 Rf3 23. Qc2 Rc8 24. h4 Qc4 25. Bf2 Qc6 26. Qe2 a5 27. Rac1 Qb7 28. Qxb5 Qxb5 29. Nxb5 Rxc1 30. Rxc1 Nxe4 31. Be1 Rb3 32. Rc8+ Kg7 33. Nc3 Rxb2+ 34. Kf1 Rc2 35. Rc4 Nd6 36. Rc7 Nf5 37. Nb5 Rxc7 38. Nxc7 Bxa3 39. Bxa5 Nxg3+ 40. Kg2 Nf5 41. Ne8+ Kg6 42. h5+ Kxh5 43. Nf6+ Kg6 44. Nxg4 Bd6 45. Kf3 Nd4+ 46. Ke3 Nc6 47. Bc3 Ne7 48. Kf3 Bxf4 0-1

[Event "94th Tradewise Hastings Congress"]
[Site "Hastings"]
[Date "2018.12.29"]
[Round "2"]
[White "Byrn, Carsten"]
[Black "Sumit, Kumar"]
[Result "0-1"]
[ECO "A20"]
[WhiteElo "1959"]
[BlackElo "2179"]
[Annotator "NA"]
[PlyCount "102"]
[EventDate "2018.12.28"]
[EventType "swiss"]
[EventCountry "ENG"]
[SourceTitle "playchess.com"]
[Source "ChessBase"]
[SourceQuality "1"]
[TimeControl "40/6000+30:3000+30"]

1. c4 e5 2. g3 Nf6 3. Bg2 h6 4. Nc3 Bb4 5. Nd5 Nxd5 6. cxd5 O-O 7. a3 Be7 8. e3 c6 9. Ne2 d6 10. O-O c5 11. d4 exd4 12. exd4 b6 13. b4 Bf6 14. Bb2 Nd7 15. Qd2 cxb4 16. Qxb4 Be7 17. Rac1 Bb7 18. Rc2 Rc8 19. Rfc1 Rxc2 20. Rxc2 Qb8 21. Qb3 Nf6 22. Nc1 Rc8 23. Rc6 Bxc6 24. dxc6 d5 25. Bxd5 Nxd5 26. Qxd5 Qc7 27. Qe4 Bf6 28. Nd3 Qxc6 29. d5 Qe8 30. Qxe8+ Rxe8 31. Bxf6 gxf6 32. Kg2 Re5 33. Nxe5 fxe5 34. Kf3 Kg7 35. Ke4 Kf6 36. f4 exf4 37. Kxf4 b5 38. h4 a5 39. g4 b4 40. g5+ hxg5+ 41. hxg5+ Ke7 42. axb4 axb4 43. Ke5 b3 44. d6+ Ke8 45. Kf6 b2 46. d7+ Kxd7 47. Kxf7 b1=Q 48. g6 Qf5+ 49. Kg7 Ke7 50. Kh8 Qf8+ 51. Kh7 Kf6 0-1

[Event "94th Tradewise Hastings Congress"]
[Site "Hastings"]
[Date "2018.12.29"]
[Round "2"]
[White "Fryer, David W"]
[Black "Willson, Ollie"]
[Result "0-1"]
[ECO "A07"]
[WhiteElo "1932"]
[BlackElo "2081"]
[Annotator "NA"]
[PlyCount "82"]
[EventDate "2018.12.28"]
[EventType "swiss"]
[EventCountry "ENG"]
[SourceTitle "playchess.com"]
[Source "ChessBase"]
[SourceQuality "1"]
[TimeControl "40/6000+30:3000+30"]

1. Nf3 Nf6 2. g3 d5 3. Bg2 Bf5 4. O-O c6 5. d3 Nbd7 6. Nbd2 e6 7. c3 Be7 8. h3 e5 9. Re1 O-O 10. e4 dxe4 11. dxe4 Bg6 12. Qe2 Re8 13. Rd1 Qc7 14. Ne1 Nc5 15. a4 a5 16. b3 Rad8 17. f3 Nxb3 18. Nxb3 Qb6+ 19. Nd4 exd4 20. cxd4 Rxd4 21. Be3 Rxd1 22. Bxb6 Rxa1 23. Kh2 Rxa4 24. Nd3 Nd7 25. Be3 b5 26. Qd1 Rd8 27. Nb2 Ra3 28. Qc1 Bf6 29. Nd1 Ra1 30. Qc2 Ne5 31. Nf2 Nc4 32. Bc1 Bd4 33. Nd1 f6 34. h4 Bf7 35. Kh3 a4 36. f4 Be6+ 37. f5 Bf7 38. Bf4 b4 39. Bf3 b3 40. Qd3 b2 41. Nc3 Ra3 0-1

[Event "94th Tradewise Hastings Congress"]
[Site "Hastings"]
[Date "2018.12.30"]
[Round "3"]
[White "Petrov, Vladimir Sergeev"]
[Black "Eames, Robert S"]
[Result "1-0"]
[ECO "B47"]
[WhiteElo "2365"]
[BlackElo "2167"]
[Annotator "NA"]
[PlyCount "55"]
[EventDate "2018.12.28"]
[EventType "swiss"]
[EventCountry "ENG"]
[SourceTitle "playchess.com"]
[Source "ChessBase"]
[SourceQuality "1"]
[TimeControl "40/6000+30:3000+30"]

1. e4 c5 2. Nf3 e6 3. d4 cxd4 4. Nxd4 Nc6 5. Nc3 Qc7 6. Be2 Nf6 7. O-O Be7 8. Be3 O-O 9. f4 d6 10. Kh1 Bd7 11. Qe1 Nxd4 12. Bxd4 Bc6 13. Qg3 Kh8 14. Rae1 Rg8 15. Bd3 e5 16. fxe5 Nh5 17. Qh3 dxe5 18. Nd5 Bxd5 19. exd5 exd4 20. Qxh5 g6 21. Rxf7 Rg7 22. Bxg6 Rxf7 23. Bxf7 Bf6 24. Bg6 Rg8 25. Be4 Qg7 26. Rf1 h6 27. d6 Rf8 28. d7 1-0

[Event "94th Tradewise Hastings Congress"]
[Site "Hastings"]
[Date "2018.12.30"]
[Round "3"]
[White "Taylor, Adam C"]
[Black "Snape, Ian L"]
[Result "1-0"]
[ECO "A21"]
[WhiteElo "2331"]
[BlackElo "2112"]
[Annotator "NA"]
[PlyCount "70"]
[EventDate "2018.12.28"]
[EventType "swiss"]
[EventCountry "ENG"]
[SourceTitle "playchess.com"]
[Source "ChessBase"]
[SourceQuality "1"]
[TimeControl "40/6000+30:3000+30"]

1. c4 e5 2. Nc3 Bb4 3. g3 Bxc3 4. bxc3 d6 5. Bg2 Ne7 6. Nf3 Nbc6 7. O-O O-O 8. Ne1 Be6 9. d3 Qd7 10. Rb1 Rab8 11. Qa4 Bh3 12. f4 Bxg2 13. Nxg2 Qh3 14. fxe5 dxe5 15. Ba3 a6 16. Bxe7 Nxe7 17. Qa5 Qe6 18. Qxc7 Rfc8 19. Qb6 Rc6 20. Qa7 Qc8 21. Qf2 Rf6 22. Qe3 Rxf1+ 23. Rxf1 Qe6 24. Rb1 Nc6 25. Qe4 g6 26. Ne3 h5 27. Rb6 Kg7 28. Nd5 h4 29. Nb4 Re8 30. Nxc6 hxg3 31. hxg3 bxc6 32. Qxc6 Qh3 33. Qf6+ Kg8 34. Qf2 Qh6 35. Kg2 e4 1-0

[Event "94th Tradewise Hastings Congress"]
[Site "Hastings"]
[Date "2018.12.30"]
[Round "3"]
[White "Kalavannan, Koby"]
[Black "Petrov, Martin"]
[Result "0-1"]
[ECO "A05"]
[WhiteElo "2328"]
[BlackElo "2472"]
[Annotator "ChessBase"]
[PlyCount "176"]
[EventDate "2018.12.28"]
[EventType "swiss"]
[EventCountry "ENG"]
[SourceTitle "playchess.com"]
[Source "ChessBase"]
[SourceQuality "1"]
[TimeControl "40/6000+30:3000+30"]

1. Nf3 Nf6 2. g3 c5 3. c4 Nc6 4. Bg2 d5 5. cxd5 Nxd5 6. O-O e5 7. Nc3 Nc7 8. d3 Be7 9. Be3 O-O 10. Nd2 Bd7 11. Nc4 f6 12. a4 Kh8 13. Qb3 Rb8 14. Rfc1 Ne6 15. Qd1 Ned4 16. Nb5 Bg4 17. f3 Be6 18. Bf2 Re8 19. Rc3 a6 20. Nxd4 exd4 21. Rcc1 Bf8 22. Qd2 Bd5 23. a5 Qe7 24. Nb6 Bf7 25. Kf1 Rbd8 26. Na4 c4 27. dxc4 Qb4 28. Qxb4 Bxb4 29. b3 Nxa5 30. Nc5 Nxc4 31. bxc4 Bxc5 32. f4 Re7 33. Bd5 Bxd5 34. cxd5 Rxd5 35. Ra5 b6 36. Rxa6 h6 37. Ra2 Kh7 38. Rd1 f5 39. Rad2 Re4 40. Kg2 Rd6 41. h4 h5 42. Kf3 Rde6 43. Rb1 Kg6 44. Rb3 Kf7 45. Rbb2 Re7 46. Ra2 Ke6 47. Rd3 Kf7 48. Rb3 g6 49. Rd3 Ke6 50. Rad2 Rd7 51. Rd1 Rd6 52. Rb1 Kd7 53. Rdb3 Kc6 54. R1b2 Rde6 55. Bg1 Re7 56. Ra2 Re8 57. Bf2 Kd5 58. Rd3 Rd8 59. Rad2 Kc6 60. Ra2 Rd7 61. Rb3 Rde7 62. Bg1 Kb7 63. Bf2 Re8 64. Rc2 Kc6 65. Ra2 Kd5 66. Rd3 b5 67. Rad2 Ra8 68. e3 Ra3 69. Rxa3 Bxa3 70. exd4 b4 71. Ra2 Re7 72. Be3 Rb7 73. Ke2 b3 74. Ra1 b2 75. Rb1 Kc4 76. d5 Kb3 77. Bd4 Ka2 78. Bxb2 Rxb2+ 79. Rxb2+ Kxb2 80. Kd3 Kb3 81. d6 Bxd6 82. Kd4 Kc2 83. Kd5 Bxf4 84. gxf4 Kd3 85. Ke5 Ke3 86. Kf6 Kxf4 87. Kxg6 Kg4 88. Kf6 f4 0-1

[Event "94th Tradewise Hastings Congress"]
[Site "Hastings"]
[Date "2018.12.30"]
[Round "3"]
[White "Derakhshani, Borna"]
[Black "Lalic, Bogdan"]
[Result "1/2-1/2"]
[ECO "D02"]
[WhiteElo "2325"]
[BlackElo "2420"]
[Annotator "NA"]
[PlyCount "40"]
[EventDate "2018.12.28"]
[EventType "swiss"]
[EventCountry "ENG"]
[SourceTitle "playchess.com"]
[Source "ChessBase"]
[SourceQuality "1"]
[TimeControl "40/6000+30:3000+30"]

1. d4 Nf6 2. Bf4 d5 3. Nf3 c5 4. e3 Nc6 5. c3 Qb6 6. Qb3 c4 7. Qc2 Bf5 8. Qc1 e6 9. h3 Be7 10. Nbd2 Qd8 11. Be2 h6 12. Bd1 b5 13. Bc2 Bxc2 14. Qxc2 Rc8 15. O-O O-O 16. Rfe1 Bd6 17. Bxd6 Qxd6 18. e4 Nxe4 19. Nxe4 dxe4 20. Qxe4 b4 1/2-1/2

[Event "94th Tradewise Hastings Congress"]
[Site "Hastings"]
[Date "2018.12.30"]
[Round "3"]
[White "Peek, Marcel"]
[Black "Comellas Blanchart, Jordi"]
[Result "1-0"]
[ECO "D63"]
[WhiteElo "2293"]
[BlackElo "2055"]
[Annotator "NA"]
[PlyCount "48"]
[EventDate "2018.12.28"]
[EventType "swiss"]
[EventCountry "ENG"]
[SourceTitle "playchess.com"]
[Source "ChessBase"]
[SourceQuality "1"]
[TimeControl "40/6000+30:3000+30"]

1. d4 d5 2. c4 e6 3. Nf3 Nf6 4. Nc3 Be7 5. Bg5 Nbd7 6. e3 h6 7. Bh4 O-O 8. Rc1 c5 9. cxd5 Nxd5 10. Bxe7 Nxe7 11. Bb5 cxd4 12. Qxd4 Nf6 13. Qa4 a6 14. O-O Rb8 15. Qf4 Bd7 16. Bxd7 Qxd7 17. Ne5 Qe8 18. e4 Nc6 19. Nxc6 Qxc6 20. Rfd1 Rbd8 21. Qe3 Rxd1+ 22. Rxd1 Rc8 23. h3 Nd7 24. e5 Nf8 1-0

[Event "94th Tradewise Hastings Congress"]
[Site "Hastings"]
[Date "2018.12.30"]
[Round "3"]
[White "Stefansson, Vignir Vatnar"]
[Black "Djuric, Stefan"]
[Result "1/2-1/2"]
[ECO "A43"]
[WhiteElo "2266"]
[BlackElo "2371"]
[Annotator "RC"]
[PlyCount "123"]
[EventDate "2018.12.28"]
[EventType "swiss"]
[EventCountry "ENG"]
[SourceTitle "playchess.com"]
[Source "ChessBase"]
[SourceQuality "1"]
[TimeControl "40/6000+30:3000+30"]

1. d4 c5 2. d5 g6 3. e4 Bg7 4. Nc3 d6 5. h3 Nf6 6. Nf3 O-O 7. a4 e6 8. Be2 exd5 9. exd5 Na6 10. O-O Nc7 11. Bf4 b6 12. Bc4 a6 13. Bh2 Rb8 14. Nd2 b5 15. axb5 axb5 16. Be2 Nfe8 17. Rb1 Bf5 18. Bf3 Ra8 19. Re1 b4 20. Nce4 Nb5 21. Be2 Nbc7 22. Bf3 Nb5 23. Be2 Nbc7 24. Bd3 Nxd5 25. Nc4 Nb6 26. Ncxd6 Nxd6 27. Nxd6 Bxd3 28. Qxd3 Na4 29. Qb3 Nxb2 30. Qd5 Bd4 31. Be5 Bxe5 32. Qxe5 Na4 33. Ne4 Ra6 34. Rbd1 Re6 35. Rxd8 Rxe5 36. Nf6+ Kg7 37. Ne8+ Rfxe8 38. Rxe8 Rd5 39. R8e5 Rd4 40. Ra1 Kf6 41. Re3 Nc3 42. Ra7 Rf4 43. g3 Rf5 44. Kg2 Nb5 45. Rb7 Nd4 46. c3 bxc3 47. Rxc3 h5 48. Re3 g5 49. Rc7 Ne6 50. Rc8 Kg7 51. Re4 Rd5 52. Ra8 Rd3 53. Ra7 Kg6 54. Re3 Rd6 55. Rf3 Rc6 56. Rfxf7 c4 57. f4 gxf4 58. gxf4 Rc5 59. Kf3 c3 60. f5+ Rxf5+ 61. Rxf5 c2 62. Ra1 1/2-1/2

[Event "94th Tradewise Hastings Congress"]
[Site "Hastings"]
[Date "2018.12.30"]
[Round "3"]
[White "Moore, Graham J"]
[Black "Nettleton, Charlie B"]
[Result "1-0"]
[ECO "B39"]
[WhiteElo "2235"]
[BlackElo "2059"]
[Annotator "NA"]
[PlyCount "45"]
[EventDate "2018.12.28"]
[EventType "swiss"]
[EventCountry "ENG"]
[SourceTitle "playchess.com"]
[Source "ChessBase"]
[SourceQuality "1"]
[TimeControl "40/6000+30:3000+30"]

1. e4 c5 2. Nf3 g6 3. d4 cxd4 4. Nxd4 Nc6 5. c4 Nf6 6. Nc3 Bg7 7. Be3 Ng4 8. Qxg4 Nxd4 9. Qd1 Ne6 10. Qd2 b6 11. Be2 Bb7 12. f4 O-O 13. f5 Nc5 14. Bf3 Bxc3 15. Qxc3 Nxe4 16. Bxe4 Bxe4 17. Bh6 e5 18. O-O Re8 19. f6 d5 20. Qe3 Qc7 21. Bf8 Qxc4 22. Qh6 Qd4+ 23. Rf2 1-0

[Event "94th Tradewise Hastings Congress"]
[Site "Hastings"]
[Date "2018.12.30"]
[Round "3"]
[White "Willow, Jonah B"]
[Black "Sarkar, Justin"]
[Result "1-0"]
[ECO "C48"]
[WhiteElo "2218"]
[BlackElo "2332"]
[Annotator "NA"]
[PlyCount "67"]
[EventDate "2018.12.28"]
[EventType "swiss"]
[EventCountry "ENG"]
[SourceTitle "playchess.com"]
[Source "ChessBase"]
[SourceQuality "1"]
[TimeControl "40/6000+30:3000+30"]

1. e4 e5 2. Nf3 Nc6 3. Nc3 Nf6 4. Bb5 Bd6 5. d3 a6 6. Ba4 h6 7. a3 b5 8. Bb3 Bb7 9. Ne2 O-O 10. g4 Be7 11. g5 hxg5 12. Bxg5 Na5 13. Rg1 Nxb3 14. cxb3 d5 15. Ng3 dxe4 16. dxe4 Nxe4 17. Bxe7 Qxe7 18. Nf5 Qf6 19. Rxg7+ Qxg7 20. Nxg7 Kxg7 21. Nh4 Rh8 22. Qg4+ Kf8 23. O-O-O Nd6 24. Rg1 Ke7 25. Nf5+ Ke6 26. Nxd6+ Kxd6 27. Rd1+ Bd5 28. Qf3 c6 29. Qf6+ Kc5 30. b4+ Kc4 31. Qxe5 Kb3 32. Rxd5 cxd5 33. Qxd5+ Ka4 34. Qd1# 1-0

[Event "94th Tradewise Hastings Congress"]
[Site "Hastings"]
[Date "2018.12.30"]
[Round "3"]
[White "Graham, David B"]
[Black "Groffen, Hans"]
[Result "0-1"]
[ECO "C10"]
[WhiteElo "2208"]
[BlackElo "2120"]
[Annotator "NA"]
[PlyCount "102"]
[EventDate "2018.12.28"]
[EventType "swiss"]
[EventCountry "ENG"]
[SourceTitle "playchess.com"]
[Source "ChessBase"]
[SourceQuality "1"]
[TimeControl "40/6000+30:3000+30"]

1. e4 e6 2. d4 d5 3. Nd2 dxe4 4. Nxe4 Nd7 5. Nf3 Ngf6 6. Bd3 c5 7. Nxf6+ Nxf6 8. Be3 cxd4 9. Bxd4 Bd6 10. Bb5+ Bd7 11. Bxf6 gxf6 12. Bxd7+ Qxd7 13. Qd4 Be7 14. Qxd7+ Kxd7 15. O-O-O+ Kc7 16. Ne1 f5 17. f4 Bf6 18. Nf3 Rhg8 19. g3 Rad8 20. Rxd8 Rxd8 21. Re1 Rd5 22. Re3 Kc6 23. c3 a5 24. Kc2 b5 25. Rd3 Rc5 26. Nd4+ Bxd4 27. Rxd4 Kc7 28. Kd3 Rc6 29. b3 f6 30. a3 Rd6 31. c4 bxc4+ 32. Kxc4 Rxd4+ 33. Kxd4 Kd6 34. Kc4 e5 35. b4 axb4 36. Kxb4 e4 37. Kc4 h5 38. Kd4 Kc6 39. h3 Kb5 40. g4 fxg4 41. hxg4 hxg4 42. Kxe4 f5+ 43. Kxf5 g3 44. Ke6 g2 45. f5 g1=Q 46. f6 Qg8+ 47. Ke7 Kc6 48. f7 Qg5+ 49. Ke8 Qe5+ 50. Kf8 Kd7 51. Kg8 Qg5+ 0-1

[Event "94th Tradewise Hastings Congress"]
[Site "Hastings"]
[Date "2018.12.30"]
[Round "3"]
[White "Royset, Pal"]
[Black "Willson, Ollie"]
[Result "1/2-1/2"]
[ECO "B04"]
[WhiteElo "2182"]
[BlackElo "2081"]
[Annotator "ChessBase"]
[PlyCount "119"]
[EventDate "2018.12.28"]
[EventType "swiss"]
[EventCountry "ENG"]
[SourceTitle "playchess.com"]
[Source "ChessBase"]
[SourceQuality "1"]
[TimeControl "40/6000+30:3000+30"]

1. e4 Nf6 2. e5 Nd5 3. d4 d6 4. Nf3 dxe5 5. Nxe5 Nd7 6. Nxd7 Bxd7 7. c4 Nf6 8. Nc3 c6 9. Be2 g6 10. Be3 Bg7 11. h3 O-O 12. Qd2 Be6 13. O-O Ne8 14. Rfd1 Nd6 15. d5 cxd5 16. cxd5 Bd7 17. Bd4 Bxd4 18. Qxd4 Qb6 19. Qxb6 axb6 20. Rd4 Ra5 21. Rb4 b5 22. Re1 Rc8 23. Bd3 Kf8 24. a3 Nc4 25. Bxc4 Rxc4 26. Re4 Rc5 27. Re3 Rc4 28. g4 Rxb4 29. axb4 Ra1+ 30. Kg2 Rc1 31. Kf3 b6 32. Kf4 h6 33. Ke4 Rf1 34. Rf3 Ke8 35. Kd4 Rc1 36. Re3 Kd8 37. Kd3 Rh1 38. Kd2 h5 39. Rg3 hxg4 40. hxg4 Rh4 41. Ke3 Bxg4 42. Nxb5 Bd7 43. Nd4 Kc7 44. f4 Kd6 45. Nf3 Rh1 46. Ne5 Be8 47. Kd4 Rd1+ 48. Rd3 Rxd3+ 49. Nxd3 f6 50. Nf2 e5+ 51. dxe6 Kxe6 52. Ne4 Bc6 53. Nc3 g5 54. b5 Bd7 55. fxg5 fxg5 56. Nd5 g4 57. Nxb6 g3 58. Ke3 Bxb5 59. Kf3 Kd6 60. Kxg3 {Kd5} 1/2-1/2

[Event "94th Tradewise Hastings Congress"]
[Site "Hastings"]
[Date "2018.12.30"]
[Round "3"]
[White "Anderson, John"]
[Black "Trevelyan, John"]
[Result "1-0"]
[ECO "C66"]
[WhiteElo "2163"]
[BlackElo "1996"]
[Annotator "NA"]
[PlyCount "84"]
[EventDate "2018.12.28"]
[EventType "swiss"]
[EventCountry "ENG"]
[SourceTitle "playchess.com"]
[Source "ChessBase"]
[SourceQuality "1"]
[TimeControl "40/6000+30:3000+30"]

1. e4 d6 2. d4 e5 3. Nf3 Nc6 4. Bb5 Bd7 5. Nc3 Nf6 6. O-O exd4 7. Nxd4 Nxd4 8. Qxd4 Be7 9. b3 O-O 10. Bb2 Bxb5 11. Nxb5 Ne8 12. f4 c6 13. Na3 Bf6 14. e5 dxe5 15. fxe5 Qxd4+ 16. Bxd4 Be7 17. Nc4 b6 18. a4 Nc7 19. Rad1 Rfd8 20. Bf2 Rd5 21. Bg3 Rad8 22. Nd6 Rxd1 23. Rxd1 Bxd6 24. Rxd6 Ne6 25. Rxc6 g5 26. Rd6 Rxd6 27. exd6 Kf8 28. Be5 f5 29. Kf2 Ke8 30. Ke3 Kd7 31. Kd3 Kc6 32. Kc4 a6 33. d7 Kxd7 34. Kd5 h5 35. b4 g4 36. c4 h4 37. c5 bxc5 38. bxc5 Nd8 39. Bf6 h3 40. gxh3 gxh3 41. Bxd8 Kxd8 42. Ke5 Ke8 1-0

[Event "94th Tradewise Hastings Congress"]
[Site "Hastings"]
[Date "2018.12.30"]
[Round "3"]
[White "Byron, Alan M"]
[Black "Rice, Chris B"]
[Result "1-0"]
[ECO "C92"]
[WhiteElo "2157"]
[BlackElo "1963"]
[Annotator "NA"]
[PlyCount "73"]
[EventDate "2018.12.28"]
[EventType "swiss"]
[EventCountry "ENG"]
[SourceTitle "playchess.com"]
[Source "ChessBase"]
[SourceQuality "1"]
[TimeControl "40/6000+30:3000+30"]

1. e4 e5 2. Nf3 Nc6 3. Bb5 a6 4. Ba4 Nf6 5. O-O Be7 6. Re1 b5 7. Bb3 O-O 8. h3 Bb7 9. d3 d6 10. c3 Na5 11. Bc2 c5 12. Nbd2 Re8 13. Nf1 Bf8 14. Ng3 g6 15. Bg5 Bg7 16. Qd2 Qc7 17. Bh6 Bh8 18. b4 Nc6 19. Bb3 Nd8 20. Ng5 Re7 21. Rad1 Nc6 22. a3 a5 23. Nf5 Rd7 24. bxc5 dxc5 25. Qe3 Nd8 26. Nf3 Ra6 27. a4 bxa4 28. Bxa4 Bc6 29. Bb3 Bb5 30. d4 exd4 31. cxd4 c4 32. Ba2 Ne6 33. d5 Nc5 34. d6 Qa7 35. Ne7+ Rxe7 36. dxe7 Qxe7 37. Bxc4 1-0

[Event "94th Tradewise Hastings Congress"]
[Site "Hastings"]
[Date "2018.12.30"]
[Round "3"]
[White "Taylor, Adam A"]
[Black "Boswell, Jacob Connor"]
[Result "1/2-1/2"]
[ECO "E05"]
[WhiteElo "2122"]
[BlackElo "1858"]
[Annotator "NA"]
[PlyCount "78"]
[EventDate "2018.12.28"]
[EventType "swiss"]
[EventCountry "ENG"]
[SourceTitle "playchess.com"]
[Source "ChessBase"]
[SourceQuality "1"]
[TimeControl "40/6000+30:3000+30"]

1. Nf3 Nf6 2. g3 d5 3. Bg2 e6 4. O-O Be7 5. c4 O-O 6. d4 dxc4 7. Qa4 a6 8. Qxc4 b5 9. Qc2 Bb7 10. Bd2 Be4 11. Qc1 c6 12. e3 Nbd7 13. Nc3 Bg6 14. Nh4 Rc8 15. Nxg6 hxg6 16. Qb1 Qb6 17. b4 e5 18. Ne2 exd4 19. exd4 Nd5 20. Qb3 N7f6 21. Rad1 Rfe8 22. Rfe1 Bf8 23. a3 Rcd8 24. Bf3 Ne4 25. Qc2 Nd6 26. Bg5 Rd7 27. Nf4 Rxe1+ 28. Rxe1 Nxf4 29. Bxf4 Nc4 30. Qb3 Rxd4 31. Re8 c5 32. Be3 Nxe3 33. Qxe3 Qd6 34. bxc5 Qxc5 35. Ra8 Rc4 36. Qxc5 Rxc5 37. Rxa6 Rc3 38. Be2 Rxa3 39. Bxb5 Rxa6 1/2-1/2

[Event "94th Tradewise Hastings Congress"]
[Site "Hastings"]
[Date "2018.12.30"]
[Round "3"]
[White "Rolvag, Mikael"]
[Black "Pitschka, Claus"]
[Result "1-0"]
[ECO "D11"]
[WhiteElo "2107"]
[BlackElo "2241"]
[Annotator "ChessBase"]
[PlyCount "79"]
[EventDate "2018.12.28"]
[EventType "swiss"]
[EventCountry "ENG"]
[SourceTitle "playchess.com"]
[Source "ChessBase"]
[SourceQuality "1"]
[TimeControl "40/6000+30:3000+30"]

1. c4 c6 2. d4 d5 3. Nf3 Nf6 4. e3 Bg4 5. cxd5 cxd5 6. Qb3 Qc7 7. Nc3 Bxf3 8. gxf3 e6 9. Bd2 Nc6 10. Bb5 Be7 11. Rc1 O-O 12. Na4 Rfc8 13. Ke2 Nd7 14. f4 a6 15. Bxc6 bxc6 16. Rc2 Rab8 17. Qd3 Qb7 18. Rhc1 f6 19. Bc3 c5 20. dxc5 Nxc5 21. Nxc5 Rxc5 22. Bd4 Rcc8 23. Rxc8+ Rxc8 24. Rxc8+ Qxc8 25. Bc3 Qc6 26. b3 Bd6 27. h3 Kf7 28. Kd2 g6 29. a4 e5 30. fxe5 fxe5 31. b4 Ke6 32. b5 axb5 33. Qxb5 Qxb5 34. axb5 Bc5 35. Ba5 Kd7 36. f3 g5 37. Kd3 h5 38. e4 d4 39. Kc4 Be7 40. Kd5 1-0

[Event "94th Tradewise Hastings Congress"]
[Site "Hastings"]
[Date "2018.12.30"]
[Round "3"]
[White "White, Stuart A"]
[Black "Villiers, Thomas"]
[Result "1/2-1/2"]
[ECO "E44"]
[WhiteElo "2096"]
[BlackElo "2205"]
[Annotator "NA"]
[PlyCount "75"]
[EventDate "2018.12.28"]
[EventType "swiss"]
[EventCountry "ENG"]
[SourceTitle "playchess.com"]
[Source "ChessBase"]
[SourceQuality "1"]
[TimeControl "40/6000+30:3000+30"]

1. d4 Nf6 2. c4 e6 3. Nc3 Bb4 4. e3 b6 5. Nge2 Bb7 6. a3 Be7 7. d5 O-O 8. Ng3 Re8 9. Be2 d6 10. e4 Nbd7 11. O-O c6 12. Bf4 Nf8 13. dxc6 Bxc6 14. Qd2 Ng6 15. Be3 Qd7 16. Rfd1 Qb7 17. f3 Rad8 18. Bd4 Qa8 19. b4 d5 20. cxd5 exd5 21. e5 Nd7 22. f4 Nc5 23. Qe3 Nb3 24. Rab1 Nxd4 25. Qxd4 Nf8 26. f5 Nd7 27. e6 Bf6 28. exf7+ Kxf7 29. Qd2 d4 30. Nb5 Bxb5 31. Bxb5 Qd5 32. Qd3 Kf8 33. Bc4 Qa8 34. Ba2 Re3 35. Qc4 Ne5 36. Qg8+ Ke7 37. Qe6+ Kf8 38. Qg8+ 1/2-1/2